Map: Kairos Junction LE

Players

Yocto - Winner!

  • Race: Zerg Zerg
  • Spawn Location: 5:00

CSZilot

  • Race: Protoss Protoss
  • Spawn Location: 11:00

VOD

Have the link to the VOD?

Description

Time

  • Played on: Dec. 10, 2018, 3:27 a.m.
  • Length: 13:42
Show
View Real Time Build Order
Export as new Build Order

Yocto Zerg - Winner!

Build Orders: Hatch First, Lurkers, Roach Hydra 

Get SALT Encoding   

  12  0:01  Drone  
  13  0:17  Overlord  
  13  0:18  Drone  
  14  0:37  Drone x2  
  14  0:40  Drone  
  17  1:04  Hatchery, Drone x2  
  18  1:17  Drone  
  19  1:19  Extractor  
  18  1:26  Spawning Pool  
  17  1:34  Drone x2  
  19  1:49  Overlord  
  19  1:57  Drone  
  20  2:08  Drone  
  21  2:25  Queen  
  21  2:28  Queen  
  25  2:30  Hatchery  
  25  2:33  Zergling x2  
  25  2:46  Metabolic Boost  
  25  2:48  Zergling x2  
  25  2:50  Drone x3  
  29  2:54  Drone  
  29  2:58  Drone  
  31  3:06  Queen  
  33  3:13  Overlord  
  33  3:20  Queen  
  35  3:28  Overlord  
  35  3:39  Zergling x2, Drone x4  
  40  3:48  Drone x4  
  42  3:53  Overlord  
  44  4:04  Drone  
  44  4:05  Drone x4  
  49  4:19  Extractor  
  49  4:20  Extractor  
  49  4:23  Roach Warren, Drone x3  
  49  4:27  Drone  
  49  4:30  Drone  
  51  4:33  Baneling Nest, Drone  
  51  4:35  Overlord  
  51  4:36  Overlord x2  
  51  4:47  Drone x3  
  51  4:50  Drone  
  55  5:02  Zergling x2  
  55  5:03  Zergling x10  
  61  5:11  Roach  
  61  5:12  Roach x7  
  77  5:21  Lair  
  77  5:23  Overlord x2  
  77  5:36  Overlord x2  
  77  5:40  Roach x2  
  81  5:51  Overlord  
  81  5:52  Overlord x2  
  81  5:55  Roach x5  
  81  5:56  Roach  
  93  6:06  Overlord  
  93  6:13  Drone x2  
  93  6:14  Extractor, Drone  
  93  6:16  Drone  
  96  6:21  Drone  
  96  6:23  Roach x6, Hydralisk Den  
  96  6:25  Overseer  
  108  6:39  Drone x5  
  114  6:40  Drone  
  114  6:41  Spore Crawler  
  114  6:46  Spine Crawler  
  112  6:47  Drone x2  
  112  6:48  Spine Crawler  
  113  6:54  Muscular Augments  
  113  6:55  Drone  
  114  7:03  Overseer  
  114  7:05  Hydralisk  
  114  7:06  Hydralisk x3  
  122  7:21  Evolution Chamber, Drone  
  122  7:23  Glial Reconstitution  
  122  7:39  Drone  
  122  7:40  Lurker Den  
  122  7:48  Overlord x5  
  122  7:53  Hydralisk x7  
  122  7:54  Hydralisk  
  138  7:58  Zerg Ground Armor Level 1  
  138  8:05  Evolution Chamber  
  137  8:32  Grooved Spines  
  137  8:39  Extractor  
  137  8:41  Zergling x6  
  139  8:42  Zergling x22  
  150  8:53  Zerg Missile Weapons Level 1  
  150  9:04  Extractor  
  150  9:06  Lurker x6  
  150  9:09  Zergling x12  
  162  9:10  Zergling x16  
  169  9:36  Overlord x2  
  164  9:58  Roach, Burrow  
  164  9:59  Roach x15  
  184  10:28  Roach x4  
  185  10:29  Roach, Overlord x2  
  177  10:47  Evolution Chamber  
  177  10:49  Ravager x6  
  184  10:50  Ravager x4  
  186  11:09  Zergling x2  
  186  11:10  Zergling x16  
  192  11:31  Baneling Nest  
  191  11:40  Zergling x2  
  191  11:41  Zergling x12  
  191  11:45  Queen  
  200  12:05  Baneling  
  200  12:06  Baneling x19  
  200  12:10  Hatchery  
  199  12:18  Zergling x2  
  175  12:52  Roach  
  175  12:53  Roach x11  
  174  13:07  Roach x7  
  177  13:18  Zergling x6  
Show
View Real Time Build Order
Export as new Build Order

CSZilot Protoss 

Build Orders: Blink Stalkers 

Get SALT Encoding   

  1  0:00  Probe  
  12  0:06  Probe  
  14  0:19  Pylon  
  14  0:22  Probe  
  15  0:38  Gateway  
  15  0:42  Probe  
  16  0:54  Probe  
  17  1:06  Probe  
  17  1:08  Assimilator  
  18  1:12  Assimilator  
  18  1:15  Probe  
  18  1:24  Probe  
  21  1:25  Zealot  
  22  1:35  Cybernetics Core  
  22  1:36  Probe  
  23  1:53  Pylon  
  23  2:10  Nexus  
  23  2:11  Probe  
  24  2:23  Probe  
  24  2:25  Twilight Council  
  25  2:33  Gateway  
  25  2:40  Probe  
  26  2:52  Probe  
  27  3:03  Stalker  
  29  3:06  Gateway  
  29  3:08  Shield Battery  
  29  3:13  Probe  
  29  3:19  Pylon  
  30  3:25  Probe  
  30  3:26  Probe  
  32  3:38  Probe  
  33  3:44  Probe  
  33  3:47  Stalker  
  36  3:50  Probe  
  37  3:56  Probe  
  37  3:58  Blink  
  37  4:02  Probe  
  39  4:03  Stalker  
  39  4:08  Probe  
  42  4:13  Gateway  
  42  4:16  Pylon  
  42  4:29  Stalker x2  
  42  4:30  Probe  
  46  4:34  Probe  
  46  4:38  Probe, Stalker  
  51  4:46  Probe  
  51  4:50  Probe  
  51  4:51  Gateway  
  53  4:58  Probe  
  54  5:02  Forge  
  54  5:03  Forge, Stalker  
  54  5:05  Stalker  
  58  5:14  Assimilator  
  58  5:25  Stalker  
  58  5:26  Templar Archives, Stalker  
  58  5:31  Protoss Ground Weapons Level 1, Protoss Ground Armor Level 1  
  62  5:37  Pylon  
  62  5:51  Charge  
  62  5:56  Stalker x2  
  66  5:58  Zealot x2  
  70  6:10  Assimilator  
  70  6:19  Pylon  
  70  6:22  Pylon  
  70  6:28  Warp Gate  
  70  6:34  Psionic Storm  
  70  6:37  Probe x2, Zealot x2  
  76  6:50  Probe  
  78  7:00  Zealot  
  81  7:01  Zealot  
  81  7:02  Stalker  
  83  7:26  Protoss Ground Weapons Level 2, Protoss Ground Armor Level 2  
  83  7:31  Stalker  
  85  7:40  Pylon  
  85  7:42  Pylon  
  85  7:43  Pylon  
  85  7:54  Pylon  
  85  7:57  Pylon  
  85  7:58  Pylon, Stalker  
  87  8:02  Pylon  
  87  8:05  High Templar x2  
  91  8:06  High Templar  
  91  8:08  Zealot  
  95  8:14  Pylon  
  95  8:18  Pylon  
  95  8:20  Photon Cannon  
  95  8:21  Photon Cannon  
  95  8:24  Photon Cannon  
  95  8:27  Photon Cannon  
  95  8:28  Zealot  
  95  8:30  Photon Cannon  
  97  8:38  Photon Cannon  
  97  8:44  Photon Cannon  
  97  8:46  Photon Cannon  
  97  8:54  Photon Cannon  
  97  8:57  Photon Cannon  
  97  9:00  Stalker x2  
  97  9:01  Stalker  
  97  9:02  High Templar  
  105  9:04  Zealot  
  105  9:09  Shield Battery  
  107  9:30  Stalker x3  
  107  9:31  Zealot  
  81  10:36  Stalker  
  81  10:37  Stalker x2  
  81  10:38  Zealot x2  
  91  10:43  Protoss Ground Weapons Level 3, Protoss Ground Armor Level 3  
  91  11:00  Robotics Facility  
  91  11:03  Stalker x3  
  97  11:04  Zealot x2  
  101  11:27  High Templar x2  
  101  11:28  Stalker  
  101  11:29  Stalker x2  
  111  11:57  Stalker x3  
  111  12:25  Stalker x5  
  121  12:34  Observer  
  80  13:05  High Templar x2  
  80  13:06  High Templar  
  80  13:09  Archon x3  
  62  13:15  Zealot x2  
Tags
 
Add a new tag
Caveats
  • Supply blocks, unpowered buildings, or Contaminate may cause inaccurate times.
  • Supply counts are checked every 10 seconds.